 Dungeon Crawl Stone Soup version 0.21-a0-286-g6fcecc0 (webtiles) character file.

189 Hasart the Gusty (level 5, -2/28 HPs)
             Began as a Tengu Air Elementalist on Sept 27, 2017.
             Killed by nerve-wracking pain
             ... invoked by a shadow imp
              (7 damage)
             ... in a sewer.
             The game lasted 00:08:20 (2611 turns).

Hasart the Gusty (Tengu Air Elementalist)           Turns: 2611, Time: 00:08:21

Health: -2/28      AC:  3    Str:  8    XL:     5   Next: 68%
Magic:  3/10       EV: 13    Int: 16    God:
Gold:   66         SH:  0    Dex: 15    Spells: 2/9 levels left

rFire    . . .     SeeInvis .   p - +3 whip
rCold    + . .     Gourm    .   (no shield)
rNeg     . . .     Faith    .   a - +0 robe
rPois    .         Spirit   .   (helmet restricted)
rElec    .         Reflect  .   n - +0 cloak
rCorr    .         Harm     .   (no gloves)
MR       .....                  (boots unavailable)
Stlth    ++........             (no amulet)
HPRegen  0.09/turn              d - ring of protection from cold
MPRegen  0.12/turn              (no ring)

@: no status effects
A: beak, talons 3, able to fly 1
a: Fly


You were in a sewer.
You were not hungry.

You visited 1 branch of the dungeon, and saw 3 of its levels.
You also visited: Sewer.

You collected 66 gold pieces.

Inventory:

Hand Weapons
 p - a +3 whip (weapon)
Armour
 a - a +0 robe (worn)
 n - a +0 cloak (worn)
Jewellery
 d - a ring of protection from cold (left hand)
Scrolls
 e - 2 scrolls of remove curse {unknown}
 f - 4 scrolls of identify {unknown}
 g - a scroll of teleportation {unknown}
 j - 2 scrolls of enchant armour {unknown}
 k - 2 scrolls of fog {unknown}
Potions
 h - 3 potions of degeneration {unknown}
 l - a potion of flight {unknown}
 m - a potion of berserk rage {unknown}
Books
 b - a book of Air

   Spells                             Type                      Level
   a - Shock                          Conjuration/Air              1
   b - Swiftness                      Charms/Air                   2
   c - Static Discharge               Conjuration/Air              3
   d - Airstrike                      Air                          4
   e - Lightning Bolt                 Conjuration/Air              5
Comestibles
 c - a bread ration


   Skills:
 - Level 2.1 Dodging
 - Level 2.0 Stealth
 + Level 2.9 Spellcasting
 + Level 4.0 Conjurations
 * Level 6.4 Air Magic


You had 2 spell levels left.
You knew the following spells:

 Your Spells              Type           Power        Failure   Level  Hunger
a - Shock                 Conj/Air       ###.         2%          1    #......
b - Airstrike             Air            ###.......   13%         4    #####..
c - Swiftness             Chrm/Air       ##......     8%          2    ##.....


Dungeon Overview and Level Annotations

Branches:
Dungeon (3/15)

Altars:
Kikubaaqudgha

Annotations:
Sewer Grinder


Innate Abilities, Weirdness & Mutations

You have a beak for a mouth.
You have claws for feet.
You can fly.


Message History

The big kobold is severely wounded.
The kobold hits you. The big kobold closely misses you.
Unknown command.
The ufetubus misses you.
The ufetubus hits you but does no damage. x2
The ufetubus hits you. The shadow imp gestures at you.
You barely resist.
Casting: Shock
Confirm with . or Enter, or press ? or * to list all spells.
Okay, then.
The shadow imp gestures at you. Pain shoots through your body!
* * * LOW HITPOINT WARNING * * *
There is an open door here.
You close the door.
Something unseen opens the door.
The shadow imp gestures at you. Pain shoots through your body!
You die...

#≈≈.'.≈≈≈≈≈≈≈≈≈≈≈≈≈≈#.≈≈#
#≈..#(.≈≈≈≈≈≈≈≈≈≈≈≈≈#.≈≈#
#≈..#.≈≈≈≈≈≈≈≈≈≈≈≈≈≈#..≈# ..
#≈..#.≈≈≈≈≈≈≈≈≈≈≈≈≈≈#.≈≈# #'''
#≈≈.#..≈≈≈≈≈≈≈≈≈≈≈≈≈#.≈≈# #...#
#)≈.#...≈≈≈≈≈≈≈≈≈≈≈ #.≈≈#
..§).###†####.#≈###≈≈#(#####.##
§.....#..†#≈≈.≈.).)..(((.≈#.≈≈#
.._.§(†..)≈≈≈≈@≈≈≈≈≈≈≈≈≈≈...≈≈≈
§.....#..(#≈≈.≈).........≈#.≈≈#
..§..###5####.###≈##≈##≈####.##
#...# #≈≈K#...≈≈≈≈≈≈≈≈≈≈≈≈#..≈#
#''' #≈K.#5.≈≈≈≈≈≈≈≈≈≈≈≈≈#)≈≈#
.. #≈≈5#.≈≈≈≈≈≈≈≈≈≈≈≈≈≈#.≈≈#
#≈≈.#.K≈≈≈≈≈≈≈≈≈≈≈≈≈#..≈#
#≈..#.≈≈≈≈≈≈≈≈≈≈≈ #.≈≈#
#≈≈.'..≈≈≈≈≈≈≈≈ #.≈≈#


You could see a shadow imp and a kobold.

Vanquished Creatures
  Crazy Yiuf (D:2)
  5 adders
  5 shadow imps (Sewer)
  2 ufetubi (Sewer)
  2 dart slugs
  2 giant cockroaches (D:1)
  7 goblins
  3 hobgoblins (D:1)
  4 jackals
  22 kobolds
  2 ball pythons (D:3)
  5 bats
  3 frilled lizards (D:1)
  7 rats
70 creatures vanquished.

Vanquished Creatures (others)
  An ooze (Sewer)
  A giant cockroach zombie (Sewer)
2 creatures vanquished.

Grand Total: 72 creatures vanquished

Notes
Turn   | Place    | Note
-------+----------+-------------------------------------------
     0 | D:1      | Hasart the Tengu Air Elementalist began the quest for the Orb.
     0 | D:1      | Reached XP level 1. HP: 10/10 MP: 4/4
   403 | D:1      | Reached XP level 2. HP: 15/15 MP: 3/6
   435 | D:1      | Learned a level 2 spell: Swiftness
   768 | D:1      | Reached XP level 3. HP: 18/19 MP: 3/7
   991 | D:1      | Reached skill level 5 in Air Magic
  1137 | D:2      | Found an ancient bone altar of Kikubaaqudgha.
  1371 | D:2      | Found a runed door.
  1533 | D:2      | Reached XP level 4. HP: 19/24 MP: 0/8
  1766 | D:2      | Noticed Crazy Yiuf
  1776 | D:2      | Killed Crazy Yiuf
  2039 | D:3      | Found a glowing drain.
  2047 | D:3      | Gained mutation: You can fly. [Tengu growth]
  2047 | D:3      | Reached XP level 5. HP: 27/28 MP: 10/10
  2056 | Sewer    | Entered a sewer
  2062 | Sewer    | Reached skill level 6 in Air Magic
  2176 | Sewer    | Learned a level 4 spell: Airstrike
  2394 | Sewer    | Found a burning altar of Makhleb.
  2394 | Sewer    | Noticed a big kobold
  2583 | Sewer    | Noticed a big kobold
  2593 | Sewer    | Noticed Grinder
  2611 | Sewer    | Killed from afar by a shadow imp

Vault maps used:
D:1:      matt_arrival_diagonals
D:2:      kiku_gazebo_garden_becter, uniq_crazy_yiuf_cottage
D:3:      minitemple, cheibrodos_sewer_entry_drain
Sewer:    kennysheep_sewer_church

Skill      XL: |  1  2  3  4  5 |
---------------+----------------+-----
Conjurations   | 2 3 4 |  4.0
Air Magic      | 5 6 |  6.4
Dodging        | |  2.1
Stealth        | |  2.0
Spellcasting   | |  2.9

Action                   |  1- 3 |  4- 6 || total
-------------------------+-------+-------++-------
Melee: Dagger            |    12 |       ||    12
       Kick              |     2 |     7 ||     9
       Quarterstaff      |       |     8 ||     8
       Whip              |       |    29 ||    29
       Peck              |       |     4 ||     4
 Cast: Shock             |    61 |    35 ||    96
       Airstrike         |       |     5 ||     5
 Abil: Fly               |       |     1 ||     1
 Stab: Sleeping          |       |     1 ||     1
  Eat: Chunk             |     3 |     2 ||     5
       Bread ration      |       |     1 ||     1
Armor: Robe              |    10 |    18 ||    28
Dodge: Dodged            |    30 |    60 ||    90

Table legend:
 A = Spawn XP
 B = Non-spawn XP
 C = Spawn XP percentage of total XP
 D = Spawn monster count
 E = Non-spawn monster count
 F = Spawn count percentage of total count
 G = Total turns spent on level
                    A         B        C        D         E        F      G
               +---------+---------+-------+---------+---------+-------+---------
         Total |       0 |     270 |   0.0 |       0 |      70 |   0.0 |  2611
               +---------+---------+-------+---------+---------+-------+---------
           D:1 |       0 |      46 |   0.0 |       0 |      28 |   0.0 |  1128
           D:2 |       0 |      85 |   0.0 |       0 |      10 |   0.0 |   802
           D:3 |       0 |      34 |   0.0 |       0 |       8 |   0.0 |   126
         Sewer |       0 |     105 |   0.0 |       0 |      24 |   0.0 |   555
               +---------+---------+-------+---------+---------+-------+---------
